Map: Blackburn LE

Players

Rex

  • Race: Zerg Zerg

Nice - Winner!

  • Race: Protoss Protoss

Event: DreamHack SC2 Masters 2021 Fall

VOD

Have the link to the VOD?

Description

Time

  • Played on: July 28, 2021, 8:22 a.m.
  • Length: 11:44

All games in this series

Show
View Real Time Build Order
Export as new Build Order

Rex Zerg 

Build Orders: Hatch First, Swarm Host 

Get SALT Encoding   

  12  0:00  Drone  
  13  0:12  Overlord  
  13  0:17  Drone  
  14  0:31  Drone x2  
  16  0:49  Drone  
  17  0:53  Hatchery  
  17  0:56  Drone  
  17  0:59  Drone  
  18  1:10  Extractor  
  17  1:14  Spawning Pool  
  17  1:17  Drone  
  17  1:20  Drone  
  18  1:28  Drone  
  19  1:39  Drone  
  20  1:49  Overlord  
  20  2:00  Queen  
  22  2:05  Queen  
  22  2:06  Zergling x4  
  26  2:10  Metabolic Boost  
  26  2:13  Drone  
  27  2:16  Drone  
  27  2:22  Drone  
  29  2:28  Drone  
  30  2:40  Hatchery  
  29  2:44  Queen  
  29  2:46  Drone  
  29  2:49  Drone  
  33  2:53  Overlord  
  33  2:59  Drone  
  33  3:04  Drone x2  
  36  3:15  Drone x5  
  36  3:17  Queen  
  43  3:22  Overlord  
  43  3:25  Spore Crawler  
  42  3:33  Drone  
  43  3:36  Zergling x2  
  44  3:47  Queen, Overlord  
  47  3:48  Drone x4  
  50  3:59  Drone  
  50  4:01  Drone x4  
  52  4:05  Drone  
  52  4:09  Drone  
  52  4:15  Drone  
  52  4:16  Drone x2  
  55  4:19  Drone  
  56  4:28  Spore Crawler  
  54  4:32  Spore Crawler, Drone  
  54  4:33  Drone x4  
  56  4:39  Drone x3  
  56  4:44  Overlord  
  59  4:47  Overlord  
  59  4:56  Zergling x6  
  59  4:57  Roach Warren  
  61  5:04  Zergling x8  
  61  5:05  Zergling x4  
  66  5:13  Evolution Chamber  
  65  5:15  Lair  
  65  5:17  Extractor  
  65  5:20  Drone x7  
  71  5:30  Drone x4  
  71  5:33  Spore Crawler, Drone x3  
  71  5:35  Extractor  
  76  5:36  Drone x2  
  76  5:37  Drone  
  76  5:39  Drone  
  80  5:43  Extractor, Zerg Missile Weapons Level 1  
  80  5:45  Drone x2  
  81  5:53  Overlord x3  
  81  5:55  Extractor  
  81  5:56  Extractor  
  79  6:02  Drone  
  79  6:03  Drone x2  
  79  6:04  Drone  
  77  6:05  Hatchery  
  77  6:08  Drone x2  
  77  6:09  Drone  
  79  6:13  Drone x4  
  79  6:16  Drone  
  79  6:17  Drone  
  85  6:20  Drone  
  85  6:21  Drone x2  
  85  6:23  Glial Reconstitution  
  88  6:27  Drone  
  88  6:28  Drone  
  88  6:29  Infestation Pit  
  88  6:32  Overseer  
  89  6:34  Overlord x2  
  77  6:54  Drone x6  
  77  6:55  Queen x2  
  77  7:00  Drone x3  
  88  7:11  Overlord  
  88  7:15  Overseer  
  88  7:16  Swarm Host  
  88  7:17  Swarm Host x6  
  88  7:20  Swarm Host x2  
  115  7:32  Roach x6  
  127  7:37  Spore Crawler  
  127  7:43  Overlord x3, Roach  
  128  7:44  Overlord  
  127  7:56  Overlord x2  
  127  8:06  Drone x2  
  127  8:08  Drone  
  127  8:09  Drone x2  
  127  8:10  Roach x10  
  151  8:18  Roach  
  151  8:19  Overseer, Roach x4  
  162  8:20  Ravager x4  
  162  8:25  Queen  
  166  8:32  Roach x4  
  174  8:34  Overlord  
  174  8:35  Overlord  
  171  8:51  Roach x2  
  174  8:57  Overlord x2  
  174  8:58  Overlord  
  173  9:08  Swarm Host x6  
  191  9:12  Overlord x2  
  191  9:13  Overlord  
  191  9:18  Roach x4  
  191  9:23  Nydus Network  
  198  9:24  Hatchery, Overlord  
  198  9:25  Overseer  
  198  9:27  Ravager x2  
  198  9:51  Roach  
  200  9:56  Roach x3  
  186  10:08  Roach x2  
  186  10:09  Roach x7  
  186  10:11  Nydus Canal  
  186  10:14  Roach x3  
  200  10:20  Ravager x3  
  200  10:27  Roach x4  
  195  10:31  Nydus Canal  
  182  10:38  Roach x13  
  165  10:49  Roach x8  
  171  10:55  Roach x6  
Show
View Real Time Build Order
Export as new Build Order

Nice Protoss - Winner!

Build Orders: 1 Gate Expand, Oracle Opening 

Get SALT Encoding   

  12  0:00  Probe  
  13  0:12  Probe  
  14  0:21  Pylon  
  14  0:24  Probe  
  15  0:39  Probe (Chrono Boost)  
  15  0:41  Gateway  
  17  0:50  Assimilator, Probe (Chrono Boost)  
  17  0:55  Probe (Chrono Boost)  
  18  1:05  Probe  
  19  1:17  Probe  
  20  1:27  Nexus  
  20  1:37  Cybernetics Core  
  20  1:42  Assimilator  
  20  1:45  Probe  
  21  1:52  Pylon  
  21  1:57  Probe  
  22  2:09  Probe (Chrono Boost)  
  22  2:11  Adept (Chrono Boost)  
  25  2:21  Probe (Chrono Boost)  
  26  2:24  Stargate  
  26  2:26  Probe (Chrono Boost)  
  27  2:33  Adept  
  30  2:39  Probe x2 (Chrono Boost)  
  31  2:49  Probe (Chrono Boost)  
  31  2:51  Probe (Chrono Boost)  
  33  2:54  Probe (Chrono Boost)  
  34  3:00  Probe  
  34  3:03  Adept  
  34  3:05  Probe  
  38  3:06  Pylon, Oracle (Chrono Boost)  
  38  3:12  Probe  
  42  3:19  Gateway  
  42  3:22  Probe  
  42  3:24  Probe  
  44  3:33  Oracle (Chrono Boost)  
  44  3:34  Probe  
  45  3:36  Probe  
  49  3:45  Pylon  
  49  3:46  Probe  
  49  3:48  Probe  
  51  3:51  Pylon  
  51  3:52  Assimilator, Warp Gate  
  51  3:58  Probe  
  51  4:00  Probe  
  53  4:10  Probe  
  53  4:12  Oracle (Chrono Boost), Probe  
  58  4:22  Probe  
  58  4:23  Assimilator  
  59  4:24  Probe  
  59  4:25  Adept x2  
  59  4:26  Pylon  
  64  4:34  Probe  
  64  4:35  Pylon  
  64  4:36  Probe  
  66  4:40  Void Ray (Chrono Boost)  
  66  4:44  Shield Battery  
  66  4:45  Pylon  
  66  4:46  Probe  
  71  4:59  Nexus  
  71  5:00  Pylon  
  71  5:03  Probe  
  71  5:05  Probe  
  73  5:13  Pylon  
  73  5:15  Probe  
  73  5:16  Pylon  
  73  5:17  Robotics Facility  
  74  5:22  Robotics Facility  
  74  5:26  Shield Battery  
  74  5:27  Probe  
  75  5:29  Probe  
  75  5:34  Pylon  
  75  5:35  Forge  
  76  5:42  Probe  
  77  5:43  Twilight Council, Probe  
  78  5:54  Probe  
  78  5:55  Probe  
  80  6:03  Sentry  
  80  6:04  Sentry  
  84  6:06  Probe  
  84  6:07  Protoss Ground Weapons Level 1 (Chrono Boost), Probe  
  84  6:09  Immortal (Chrono Boost)  
  87  6:11  Probe  
  87  6:12  Observer (Chrono Boost)  
  87  6:13  Blink  
  92  6:19  Pylon, Probe x2  
  92  6:21  Pylon  
  92  6:23  Assimilator, Pylon  
  94  6:27  Assimilator  
  94  6:32  Probe x2  
  96  6:33  Sentry x2, Probe  
  96  6:36  Pylon  
  101  6:43  Gateway  
  101  6:44  Probe  
  101  6:45  Gateway  
  101  6:46  Robotics Bay  
  98  6:57  Probe  
  98  6:59  Probe x2  
  97  7:06  Immortal (Chrono Boost)  
  97  7:07  Gateway  
  105  7:13  Gateway x2  
  105  7:16  Photon Cannon  
  105  7:17  Zealot x2  
  105  7:18  Immortal (Chrono Boost)  
  109  7:26  Gateway  
  109  7:28  Gateway  
  109  7:38  Shield Battery, Photon Cannon  
  109  7:41  Pylon  
  109  7:42  Colossus (Chrono Boost)  
  115  7:52  Colossus (Chrono Boost)  
  115  7:57  Extended Thermal Lance  
  121  7:58  Pylon  
  121  8:13  Sentry, Stalker  
  121  8:14  Stalker x4  
  121  8:19  Shield Battery  
  133  8:20  Pylon  
  133  8:23  Colossus (Chrono Boost)  
  139  8:32  Colossus (Chrono Boost)  
  139  8:33  Protoss Ground Weapons Level 2 (Chrono Boost)  
  139  8:36  Pylon  
  145  8:56  Stalker x6  
  145  8:57  Observer  
  157  9:05  Charge  
  153  9:12  Pylon  
  153  9:14  Pylon  
  153  9:17  Pylon  
  153  9:24  Pylon  
  153  9:25  Pylon  
  153  9:35  Nexus  
  153  9:36  Pylon  
  153  9:41  Disruptor x2 (Chrono Boost)  
  153  9:44  Stalker x2  
  153  9:45  Stalker x5  
  173  9:48  Shield Battery  
  167  10:16  Stalker x6  
  167  10:17  Stalker x3  
  161  10:43  Stalker  
  161  10:44  Stalker x7  
  161  10:45  Stalker  

Tags
 
Add a new tag
Caveats
  • Supply blocks, unpowered buildings, or Contaminate may cause inaccurate times.
  • Supply counts are checked every 10 seconds.